PL
LOUISVILLE BC @ FT. WORTH CATTLEMEN
09/15/2022
 
TOP OF THE 1ST
Louisville BC batting - Pitching for Ft. Worth Cattlemen : LHP Paul Díaz
Pitching: LHP Paul Díaz
Batting: RHB Paul Houston 0-0: Ball
1-0: Ball
2-0: Swinging Strike
2-1: Called Strike
2-2: SOLO HOME RUN (Flyball, 7LD), Distance : 355 ft
Batting: RHB Keith Best 0-0: Called Strike
0-1: Foul Ball, location: 2F
0-2: Foul Ball, location: 2F
0-2: Strikes out swinging
Batting: RHB Andrés Rodríguez 0-0: Ground out 6-3 (Groundball, 6M)
Batting: LHB Tim Hargrove 0-0: Called Strike
0-1: Called Strike
0-2: Ball
1-2: Foul Ball, location: 2F
1-2: Ground out U3 (Groundball, 3S)
Top of the 1st over - 1 run(s), 1 hit(s), 0 error(s), 0 left on base; Louisville 1 - Ft. Worth 0
BOTTOM OF THE 1ST
Ft. Worth Cattlemen batting - Pitching for Louisville BC : RHP Cris Mendoza
Pitching: RHP Cris Mendoza
Batting: RHB Alan Elder 0-0: Ball
1-0: Ball
2-0: Called Strike
2-1: Ball
3-1: Base on Balls
Batting: RHB Matt Sheppard 0-0: Grounds into double play, 5-4-3 (Groundball, 5)
Batting: RHB Bart Lewis 0-0: Foul Ball, location: 2F
0-1: Called Strike
0-2: Fly out, F2 (Popup, 2RF)
Bottom of the 1st over - 0 run(s), 0 hit(s), 0 error(s), 0 left on base; Louisville 1 - Ft. Worth 0
TOP OF THE 2ND
Louisville BC batting - Pitching for Ft. Worth Cattlemen : LHP Paul Díaz
Batting: RHB Chi-ju Zhang 0-0: Ball
1-0: Ground out 5-3 (Groundball, 5S)
Batting: RHB Luis Mendoza 0-0: Foul Ball, location: 2F
0-1: Swinging Strike
0-2: Ball
1-2: Strikes out swinging
Batting: RHB Kyle Bridges 0-0: Called Strike
0-1: Ball
1-1: Ball
2-1: Ball
3-1: Ground out 4-3 (Groundball, 4M)
Top of the 2nd over - 0 run(s), 0 hit(s), 0 error(s), 0 left on base; Louisville 1 - Ft. Worth 0
BOTTOM OF THE 2ND
Ft. Worth Cattlemen batting - Pitching for Louisville BC : RHP Cris Mendoza
Batting: LHB Ryan Westlake 0-0: Fly out, F8 (Flyball, 8RS)
Batting: LHB Toyokazu Asano 0-0: Called Strike
0-1: Ball
1-1: Foul Ball, location: 2F
1-2: Foul Ball, location: 2F
1-2: SINGLE (Groundball, 56D)
Batting: LHB Pat McJannett 0-0: Ball
1-0: Ball
2-0: Ball
3-0: Base on Balls
Toyokazu Asano to second
Batting: LHB Bill Burgess 0-0: Called Strike
0-1: Called Strike
0-2: Ball
1-2: Strikes out swinging
Batting: RHB Jack Weber 0-0: Ball
1-0: DOUBLE (Line Drive, 9LS)
Toyokazu Asano scores
Pat McJannett to third
Batting: SHB Robby Day 0-0: Foul Ball, location: 2F
0-1: Swinging Strike
0-2: Foul Ball, location: 2F
0-2: Fly out, F5 (Popup, 5S)
Bottom of the 2nd over - 1 run(s), 2 hit(s), 0 error(s), 2 left on base; Louisville 1 - Ft. Worth 1
TOP OF THE 3RD
Louisville BC batting - Pitching for Ft. Worth Cattlemen : LHP Paul Díaz
Batting: RHB Cliff May 0-0: Foul Ball, location: 2F
0-1: Ground out 6-3 (Groundball, 6)
Batting: RHB Roberto Guerrero 0-0: Ball
1-0: Ball
2-0: SINGLE (Groundball, 56D)
Batting: RHB Paul Houston 0-0: Ball
1-0: Called Strike
1-1: Ball
2-1: Foul Ball, location: 2F
2-2: Strikes out swinging
Batting: RHB Keith Best 0-0: SINGLE (Groundball, 56D)
Roberto Guerrero to second
Batting: RHB Andrés Rodríguez 0-0: Ball
1-0: Ball
2-0: Ground out 3-1 (Groundball, 34)
Top of the 3rd over - 0 run(s), 2 hit(s), 0 error(s), 2 left on base; Louisville 1 - Ft. Worth 1
BOTTOM OF THE 3RD
Ft. Worth Cattlemen batting - Pitching for Louisville BC : RHP Cris Mendoza
Batting: RHB Alan Elder 0-0: Ball
1-0: Fly out, F6 (Popup, 6M)
Batting: RHB Matt Sheppard 0-0: Fly out, F8 (Flyball, 8LXD)
Batting: RHB Bart Lewis 0-0: Fly out, F7 (Flyball, 78D)
Bottom of the 3rd over - 0 run(s), 0 hit(s), 0 error(s), 0 left on base; Louisville 1 - Ft. Worth 1
TOP OF THE 4TH
Louisville BC batting - Pitching for Ft. Worth Cattlemen : LHP Paul Díaz
Batting: LHB Tim Hargrove 0-0: Foul Ball, location: 2F
0-1: Foul Ball, location: 2F
0-2: Foul Ball, location: 2F
0-2: Strikes out looking
Batting: RHB Chi-ju Zhang 0-0: Ball
1-0: Called Strike
1-1: Ball
2-1: Foul Ball, location: 2F
2-2: Foul Ball, location: 2F
2-2: Foul Ball, location: 2F
2-2: Foul Ball, location: 2F
2-2: Ball
3-2: Strikes out swinging
Batting: RHB Luis Mendoza 0-0: Fly out, F8 (Flyball, 8LD)
Top of the 4th over - 0 run(s), 0 hit(s), 0 error(s), 0 left on base; Louisville 1 - Ft. Worth 1
BOTTOM OF THE 4TH
Ft. Worth Cattlemen batting - Pitching for Louisville BC : RHP Cris Mendoza
Batting: LHB Ryan Westlake 0-0: Called Strike
0-1: Foul Ball, location: 2F
0-2: Strikes out swinging
Batting: LHB Toyokazu Asano 0-0: SINGLE (Groundball, 5D)
Batting: LHB Pat McJannett 0-0: Ball
1-0: Called Strike
1-1: Ball
2-1: Foul Ball, location: 2F
2-2: Ball
3-2: Base on Balls
Toyokazu Asano to second
Batting: LHB Bill Burgess 0-0: Ball
1-0: Ball
2-0: Foul Ball, location: 2F
2-1: Ground out 3-1 (Groundball, 34)
Toyokazu Asano to third
Pat McJannett to second
Batting: RHB Jack Weber 0-0: Ball
1-0: Ball
2-0: Ball
3-0: Called Strike
3-1: Base on Balls
Batting: SHB Robby Day 0-0: Foul Ball, location: 2F
0-1: Ball
1-1: Called Strike
1-2: Ball
2-2: Strikes out swinging
Bottom of the 4th over - 0 run(s), 1 hit(s), 0 error(s), 3 left on base; Louisville 1 - Ft. Worth 1
TOP OF THE 5TH
Louisville BC batting - Pitching for Ft. Worth Cattlemen : LHP Paul Díaz
Batting: RHB Kyle Bridges 0-0: Called Strike
0-1: Ball
1-1: Foul Ball, location: 2F
1-2: Strikes out swinging
Batting: RHB Cliff May 0-0: Fly out, F4 (Popup, 34D)
Batting: RHB Roberto Guerrero 0-0: Called Strike
0-1: Called Strike
0-2: Foul Ball, location: 2F
0-2: Fly out, F9 (Line Drive, 9D)
Top of the 5th over - 0 run(s), 0 hit(s), 0 error(s), 0 left on base; Louisville 1 - Ft. Worth 1
BOTTOM OF THE 5TH
Ft. Worth Cattlemen batting - Pitching for Louisville BC : RHP Cris Mendoza
Batting: RHB Alan Elder 0-0: Called Strike
0-1: Ball
1-1: Ball
2-1: Ball
3-1: Foul Ball, location: 2F
3-2: Base on Balls
Batting: RHB Matt Sheppard 0-0: Bunt missed!
0-1: Ball
1-1: Bunted foul
1-2: Ball
2-2: Fly out, F2 (Popup, 23F)
Batting: RHB Bart Lewis 0-0: Ball
1-0: Foul Ball, location: 2F
1-1: Ground out 5-3 (Groundball, 56S)
Alan Elder to second
Batting: LHB Ryan Westlake 0-0: Ground out 6-3 (Groundball, 6M)
Bottom of the 5th over - 0 run(s), 0 hit(s), 0 error(s), 1 left on base; Louisville 1 - Ft. Worth 1
TOP OF THE 6TH
Louisville BC batting - Pitching for Ft. Worth Cattlemen : LHP Paul Díaz
Batting: RHB Paul Houston 0-0: Ball
1-0: Ball
2-0: Ball
3-0: Called Strike
3-1: Swinging Strike
3-2: Strikes out looking
Batting: RHB Keith Best 0-0: SINGLE (Groundball, 23) (infield hit)
Batting: RHB Andrés Rodríguez 0-0: Ground out 5-3 (Groundball, 5S)
Keith Best to second
Batting: LHB Tim Hargrove 0-0: Called Strike
0-1: Foul Ball, location: 2F
0-2: Foul Ball, location: 2F
0-2: Ball
1-2: Strikes out swinging
Top of the 6th over - 0 run(s), 1 hit(s), 0 error(s), 1 left on base; Louisville 1 - Ft. Worth 1
BOTTOM OF THE 6TH
Ft. Worth Cattlemen batting - Pitching for Louisville BC : RHP Cris Mendoza
Batting: LHB Toyokazu Asano 0-0: Fly out, F7 (Flyball, 8LD)
Batting: LHB Pat McJannett 0-0: Called Strike
0-1: Ball
1-1: Ball
2-1: Ball
3-1: Base on Balls
Batting: LHB Bill Burgess 0-0: Ball
1-0: Ball
2-0: SINGLE (Groundball, 34D)
Pat McJannett to second
Runner from 2nd tries for 3rd, OUT!
Batting: RHB Jack Weber 0-0: Called Strike
0-1: Swinging Strike
0-2: Strikes out swinging passed ball, reaches first!
Bill Burgess to second
Batting: SHB Robby Day 0-0: Swinging Strike
0-1: Ball
1-1: Foul Ball, location: 2F
1-2: Ball
2-2: SINGLE (Groundball, 4M)
Bill Burgess to third
Jack Weber to second
Runner from 3rd tries for Home, SAFE, no throw or cutoff
Batting: RHB Alan Elder 0-0: Ball
1-0: Swinging Strike
1-1: Swinging Strike
1-2: Strikes out swinging
Bottom of the 6th over - 1 run(s), 2 hit(s), 0 error(s), 2 left on base; Louisville 1 - Ft. Worth 2
TOP OF THE 7TH
Louisville BC batting - Pitching for Ft. Worth Cattlemen : LHP Paul Díaz
Batting: RHB Chi-ju Zhang 0-0: Called Strike
0-1: Ball
1-1: SINGLE (Line Drive, 4D)
Batting: RHB Luis Mendoza 0-0: Bunted foul
0-1: Bunted foul
0-2: Fly out, F4 (Popup, 4MD)
Batting: RHB Kyle Bridges 0-0: Ball
1-0: Fly out, F9 (Flyball, 8RXD)
Batting: RHB Cliff May 0-0: Ball
1-0: Foul Ball, location: 2F
1-1: Ball
2-1: Called Strike
2-2: Strikes out swinging
Top of the 7th over - 0 run(s), 1 hit(s), 0 error(s), 1 left on base; Louisville 1 - Ft. Worth 2
BOTTOM OF THE 7TH
Ft. Worth Cattlemen batting - Pitching for Louisville BC : RHP Cris Mendoza
Batting: RHB Matt Sheppard 0-0: Ball
1-0: Foul Ball, location: 2F
1-1: Foul Ball, location: 2F
1-2: Foul Ball, location: 2F
1-2: Ball
2-2: Fly out, F7 (Flyball, 7D)
Batting: RHB Bart Lewis 0-0: Called Strike
0-1: Called Strike
0-2: Ball
1-2: Foul Ball, location: 2F
1-2: Ball
2-2: Foul Ball, location: 2F
2-2: Ball
3-2: Fly out, F9 (Flyball, 9M)
Batting: LHB Ryan Westlake 0-0: Ball
1-0: Foul Ball, location: 2F
1-1: Ball
2-1: Swinging Strike
2-2: Strikes out looking
Bottom of the 7th over - 0 run(s), 0 hit(s), 0 error(s), 0 left on base; Louisville 1 - Ft. Worth 2
TOP OF THE 8TH
Louisville BC batting - Pitching for Ft. Worth Cattlemen : LHP Paul Díaz
Now at 1B: Keith Spear
Batting: RHB Roberto Guerrero 0-0: Ball
1-0: Ball
2-0: Called Strike
2-1: Ball
3-1: Ground out 5-3 (Groundball, 56)
Batting: RHB Paul Houston 0-0: Ball
1-0: Called Strike
1-1: Ground out 6-3 (Groundball, 6)
Batting: RHB Keith Best 0-0: Called Strike
0-1: Foul Ball, location: 2F
0-2: Foul Ball, location: 2F
0-2: Strikes out swinging
Top of the 8th over - 0 run(s), 0 hit(s), 0 error(s), 0 left on base; Louisville 1 - Ft. Worth 2
BOTTOM OF THE 8TH
Ft. Worth Cattlemen batting - Pitching for Louisville BC : RHP Cris Mendoza
Batting: LHB Toyokazu Asano 0-0: Called Strike
0-1: Swinging Strike
0-2: Ball
1-2: Foul Ball, location: 2F
1-2: Foul Ball, location: 2F
1-2: Strikes out swinging
Pitching: RHP Austin Stewart
Batting: LHB Pat McJannett 0-0: Ball
1-0: Ground out 1-3 (Groundball, 13)
Batting: LHB Bill Burgess 0-0: Called Strike
0-1: Ball
1-1: Ball
2-1: Fly out, F7 (Flyball, 7M)
Bottom of the 8th over - 0 run(s), 0 hit(s), 0 error(s), 0 left on base; Louisville 1 - Ft. Worth 2
TOP OF THE 9TH
Louisville BC batting - Pitching for Ft. Worth Cattlemen : LHP Paul Díaz
Batting: RHB Andrés Rodríguez 0-0: Foul Ball, location: 2F
0-1: Ball
1-1: Swinging Strike
1-2: Ball
2-2: Ground out 1-3 (Groundball, 23)
Batting: LHB Tim Hargrove 0-0: Ground out U3 (Groundball, 3)
Batting: RHB Chi-ju Zhang 0-0: Ball
1-0: Ball
2-0: Ball
3-0: Called Strike
3-1: Called Strike
3-2: Fly out, F7 (Flyball, 78S)
Top of the 9th over - 0 run(s), 0 hit(s), 0 error(s), 0 left on base; Louisville 1 - Ft. Worth 2
This league is powered by Out of the Park Baseball, the baseball management simulation game for PC, Mac and Linux
Friday, April 15th, 2016 - OOTP Baseball 16.9 Build 39